Map: King's Cove LE

Players

HYPNOTOAD - Winner!

  • Race: Protoss Protoss
  • League: Platinum
  • Spawn Location: 5:00

Parkkatz

  • Race: Zerg Zerg
  • League: Platinum
  • Spawn Location: 11:00

VOD

Have the link to the VOD?

Description

Time

  • Played on: July 4, 2019, 10:07 p.m.
  • Length: 17:31
Show
View Real Time Build Order
Export as new Build Order

HYPNOTOAD Protoss - Winner!

Build Orders: Carriers 

Get SALT Encoding   

  12  0:01  Probe  
  13  0:17  Pylon  
  13  0:20  Probe  
  14  0:28  Probe  
  15  0:38  Forge  
  15  0:39  Probe  
  16  0:51  Probe  
  17  0:58  Gateway  
  17  1:07  Probe  
  18  1:11  Assimilator  
  18  1:19  Probe  
  19  1:31  Probe  
  20  1:38  Pylon  
  20  1:43  Probe  
  21  1:55  Probe  
  21  1:58  Photon Cannon  
  22  2:02  Photon Cannon  
  22  2:11  Pylon  
  22  2:19  Pylon  
  22  2:32  Photon Cannon  
  22  2:42  Photon Cannon  
  22  3:02  Pylon  
  22  3:05  Pylon  
  21  3:45  Nexus  
  21  3:46  Assimilator  
  21  3:54  Photon Cannon  
  21  3:55  Cybernetics Core  
  23  4:17  Zealot  
  23  4:22  Pylon  
  22  4:47  Stargate  
  22  4:57  Photon Cannon  
  22  4:58  Photon Cannon  
  22  4:59  Photon Cannon  
  22  5:11  Probe x2  
  24  5:16  Pylon  
  24  5:23  Probe x2  
  26  5:29  Shield Battery  
  26  5:35  Probe x2  
  27  5:36  Assimilator  
  27  5:39  Assimilator  
  28  5:43  Phoenix  
  28  5:47  Probe x2  
  32  5:55  Probe  
  32  5:56  Probe  
  32  6:03  Probe  
  34  6:04  Probe  
  34  6:09  Fleet Beacon  
  36  6:15  Void Ray  
  40  6:27  Pylon  
  40  6:28  Pylon  
  40  6:35  Stargate  
  40  6:36  Probe  
  40  6:37  Probe  
  42  6:46  Carrier  
  48  7:02  Carrier  
  54  7:32  Protoss Air Weapons Level 1  
  54  7:42  Carrier  
  60  8:06  Carrier  
  66  8:39  Pylon  
  66  8:43  Pylon  
  66  8:54  Carrier  
  72  9:02  Carrier  
  78  9:42  Carrier  
  74  9:49  Warp Gate  
  74  9:58  Zealot  
  82  10:11  Photon Cannon  
  82  10:16  Nexus  
  82  10:19  Pylon x2  
  82  10:22  Pylon  
  82  10:32  Probe  
  82  10:33  Probe  
  84  10:37  Carrier  
  90  10:45  Probe x2  
  92  10:53  Photon Cannon x2  
  92  11:00  Photon Cannon  
  92  11:10  Photon Cannon  
  92  11:17  Shield Battery  
  92  11:18  Gateway  
  92  11:24  Assimilator  
  92  11:26  Protoss Air Weapons Level 2, Assimilator  
  92  11:28  Probe  
  92  11:29  Probe  
  94  11:33  Probe  
  95  11:40  Probe  
  95  11:41  Probe  
  95  11:45  Probe  
  96  11:57  Mothership  
  104  12:04  Stargate  
  104  12:12  Carrier  
  104  12:20  Carrier  
  116  12:41  Cybernetics Core  
  116  12:47  Probe  
  116  12:48  Probe  
  118  12:54  Carrier  
  118  13:00  Probe  
  118  13:04  Pylon  
  125  13:07  Pylon  
  125  13:14  Pylon  
  125  13:15  Pylon  
  125  13:21  Carrier  
  125  13:22  Probe x2  
  133  13:34  Carrier  
  139  13:57  Carrier  
  139  14:00  Robotics Facility  
  145  14:23  Protoss Air Armor Level 1  
  145  14:34  Carrier  
  145  14:36  Twilight Council  
  145  14:41  Protoss Air Weapons Level 3  
  145  14:42  Protoss Shields Level 1  
  151  14:47  Observer  
  152  14:58  Pylon  
  152  14:59  Pylon  
  152  15:00  Pylon  
  152  15:06  Pylon  
  152  15:08  Observer  
  153  15:24  Carrier  
  159  15:30  Observer  
  159  15:52  Carrier x2  
  169  16:37  Pylon  
  169  16:51  Nexus  
  169  16:53  Assimilator  
  169  16:56  Assimilator  
  169  16:57  Nexus  
  169  16:59  Assimilator  
  169  17:03  Assimilator  
  173  17:22  Nexus  
Show
View Real Time Build Order
Export as new Build Order

Parkkatz Zerg 

Build Orders: Hatch First 

Get SALT Encoding   

  12  0:01  Drone  
  13  0:17  Overlord  
  13  0:18  Drone  
  14  0:36  Drone x2  
  14  0:39  Drone  
  17  0:50  Drone  
  18  0:59  Hatchery  
  18  1:01  Drone  
  18  1:04  Extractor  
  17  1:16  Spawning Pool  
  16  1:18  Drone  
  16  1:22  Drone  
  18  1:33  Drone  
  19  1:59  Drone x2  
  21  2:10  Queen  
  21  2:12  Queen  
  21  2:15  Metabolic Boost  
  25  2:27  Zergling x6  
  26  2:41  Zergling x8  
  25  2:54  Zergling x4  
  22  3:15  Zergling x8  
  24  3:26  Zergling x4  
  25  3:28  Queen  
  23  3:35  Zergling x4  
  21  3:43  Queen  
  22  3:51  Zergling x4  
  23  3:59  Zergling x4  
  24  4:05  Zergling x2  
  24  4:11  Zergling x2  
  25  4:18  Queen  
  25  4:20  Zergling x4  
  24  4:57  Hatchery  
  23  5:03  Overlord  
  23  5:08  Overlord  
  20  5:24  Zergling x2  
  20  5:25  Zergling x6  
  22  5:28  Extractor  
  21  5:47  Drone x2  
  21  5:48  Drone  
  24  5:52  Hatchery  
  23  5:58  Drone x2  
  25  6:18  Spore Crawler  
  25  6:19  Drone x3  
  27  6:34  Drone x4  
  31  6:41  Spore Crawler  
  31  6:43  Drone  
  31  6:52  Drone x2  
  33  7:02  Evolution Chamber  
  33  7:04  Lair  
  32  7:12  Overlord  
  32  7:15  Drone, Extractor  
  32  7:16  Extractor  
  31  7:23  Queen  
  33  7:34  Drone x3  
  33  7:35  Drone  
  37  7:40  Zerg Missile Weapons Level 1  
  37  7:47  Drone x2  
  39  7:57  Spore Crawler  
  37  8:04  Drone  
  37  8:05  Drone x3  
  41  8:15  Overlord  
  41  8:31  Overlord  
  41  8:33  Queen  
  41  8:34  Drone x2  
  45  8:35  Drone x3  
  48  8:42  Roach Warren  
  48  8:46  Hydralisk Den  
  43  9:02  Queen  
  43  9:15  Hydralisk  
  43  9:16  Hydralisk  
  47  9:17  Hydralisk x3  
  47  9:22  Hydralisk  
  47  9:23  Hydralisk  
  57  9:34  Overlord x2  
  57  9:39  Muscular Augments  
  57  9:46  Drone  
  58  9:53  Drone x4  
  58  9:54  Overlord  
  58  9:57  Spore Crawler  
  61  10:02  Extractor  
  61  10:06  Glial Reconstitution  
  60  10:12  Queen  
  62  10:15  Drone x3  
  62  10:17  Drone x2  
  67  10:24  Roach  
  67  10:25  Roach  
  67  10:26  Roach  
  73  10:32  Drone x3  
  73  10:33  Drone  
  77  10:44  Drone x4  
  81  10:51  Drone  
  81  10:55  Grooved Spines  
  82  11:07  Overlord x2  
  82  11:11  Drone, Extractor  
  82  11:12  Extractor  
  82  11:13  Drone  
  82  11:20  Zerg Missile Weapons Level 2  
  82  11:26  Drone x4  
  82  11:27  Drone x2  
  82  11:28  Drone  
  82  11:29  Overlord x3  
  82  11:30  Overlord x2  
  89  11:34  Spore Crawler  
  89  11:36  Hydralisk  
  89  11:37  Hydralisk  
  92  11:47  Spire  
  92  11:50  Infestation Pit  
  92  11:52  Hydralisk  
  92  11:53  Hydralisk  
  92  11:54  Hydralisk  
  96  12:08  Hatchery  
  96  12:12  Drone, Evolution Chamber  
  96  12:13  Drone  
  96  12:20  Hydralisk x3  
  96  12:21  Hydralisk  
  104  12:24  Overlord  
  104  12:26  Overlord  
  104  12:33  Spore Crawler  
  103  12:44  Zerg Ground Armor Level 1, Overlord  
  103  12:49  Hive  
  103  12:50  Infestor x2  
  103  12:51  Infestor  
  107  12:55  Burrow  
  107  12:57  Zergling x6  
  112  12:59  Zergling x2  
  112  13:01  Zergling x2  
  112  13:02  Zergling x2  
  112  13:05  Drone x2  
  117  13:14  Drone x2  
  117  13:15  Drone x5  
  124  13:22  Overlord  
  124  13:23  Overlord  
  124  13:31  Overlord  
  124  13:35  Queen  
  124  13:38  Drone x5  
  131  13:49  Overlord  
  131  13:51  Overseer, Pneumatized Carapace  
  131  13:53  Drone x2  
  133  13:55  Hydralisk x2  
  133  13:56  Spore Crawler, Hydralisk x2  
  140  14:05  Greater Spire  
  140  14:07  Corruptor  
  140  14:08  Corruptor x2  
  146  14:10  Corruptor  
  148  14:37  Extractor  
  148  14:38  Zerg Missile Weapons Level 3, Drone x3  
  149  14:39  Drone x2, Extractor  
  149  14:40  Drone  
  149  14:41  Drone x3  
  155  14:50  Overseer  
  155  14:57  Corruptor  
  155  14:58  Corruptor x9  
  175  15:22  Hatchery  
  174  15:32  Brood Lord  
  174  15:33  Brood Lord x3  
  182  15:44  Neural Parasite  
  164  16:22  Hydralisk  
  164  16:23  Hydralisk x22  
  164  16:24  Hydralisk x4  
  164  16:25  Hydralisk  
  184  16:26  Overseer  
  184  16:27  Hydralisk  
  146  16:36  Queen  
  146  16:37  Queen  
  146  16:39  Overlord  
  150  16:40  Overlord  
  150  16:41  Hydralisk  
  150  16:42  Hydralisk  
  150  16:43  Hydralisk  
  150  16:45  Hydralisk  
  158  16:47  Overseer  
  158  16:50  Zergling x2  
  158  16:51  Zergling x4  
  158  16:52  Zergling x2  
  158  16:53  Zergling x2  
  163  16:58  Corruptor  
  163  16:59  Corruptor  
  163  17:01  Drone  
  170  17:23  Extractor  
  170  17:28  Extractor  
Tags
 
Composition
Carriers
Matchup
PvZ
Replay Pack
SC2 replays
Spawn Locations
Cross Positions
Add a new tag
Caveats
  • Supply blocks, unpowered buildings, or Contaminate may cause inaccurate times.
  • Supply counts are checked every 10 seconds.